 Dungeon Crawl Stone Soup version 0.27-a0-1232-gc6a4cbde82 (webtiles) character file.

Game seed: 11801344579513598026

161 mordus the Ruffian (level 5, -2/50 HPs)
             Began as a Troll Monk on June 8, 2021.
             Slain by a water moccasin (4 damage)
             ... on level 4 of the Dungeon.
             The game lasted 00:02:13 (1855 turns).

mordus the Ruffian (Troll Monk)                     Turns: 1855, Time: 00:02:14

Health: -2/50      AC:  4    Str: 19    XL:     5   Next: 19%
Magic:  4/4        EV: 10    Int:  6    God:
Gold:   107        SH:  0    Dex: 13    Spells: 4/4 levels left

rFire    . . .     SeeInvis .     - Unarmed
rCold    . . .     Faith    .   (no shield)
rNeg     . . .     Spirit   .   a - +0 robe
rPois    .         Reflect  .   (helmet restricted)
rElec    .         Harm     .   (no cloak)
rCorr    .         Rampage  .   (gloves unavailable)
Will     .....                  (boots unavailable)
Stlth    ++........             (no amulet)
HPRegen  1.16/turn              (no ring)
MPRegen  0.09/turn              (no ring)

@: lethally poisoned (-2 -> -4)
A: large, unfitting armour, claws 3, regeneration 1, shaggy fur 1, tough skin 1
a: no special abilities


You were on level 4 of the Dungeon.
You visited 1 branch of the dungeon, and saw 4 of its levels.

You collected 107 gold pieces.

Inventory:

Hand Weapons
 b - a +0 whip
Missiles
 e - 11 large rocks (quivered)
Armour
 a - a +0 robe (worn)
Scrolls
 d - a scroll of identify {unknown}
 f - a scroll of silence {unknown}
 g - a scroll of enchant weapon {unknown}
 h - a scroll of vulnerability {unknown}
Potions
 c - 2 potions of curing {unknown}
 i - 2 potions of heal wounds {unknown}


   Skills:
 - Level 2.4 Fighting
 + Level 2.0 Maces & Flails
 + Level 1.4 Throwing
 - Level 2.4 Dodging
 - Level 1.0 Stealth
 * Level 5.0 Unarmed Combat


You had 4 spell levels left.
You didn't know any spells.
Your spell library contained the following spells:

 Spells                   Type           Power      Damage    Failure   Level
 Animate Skeleton         Necr           0%         N/A       45%         1
 Pain                     Necr           0%         1d4       45%         1
 Vampiric Draining        Necr           0%         2d6       83%         3
 Animate Dead             Necr           0%         N/A       99%         4
 Agony                    Necr           0%         N/A       100%        5


Dungeon Overview and Level Annotations

Branches:
Dungeon (4/15)
 Temple: D:4-7

Altars:


Innate Abilities, Weirdness & Mutations

You are too large for most types of armour.
You have claws for hands.
Your natural rate of healing is unusually fast.
You are covered in fur. (AC +1)
You have tough skin. (AC +1)


Message History

You claw the water moccasin!
The water moccasin is heavily wounded.
The water moccasin bites you but does no damage.
You miss the water moccasin.
The water moccasin is heavily wounded.
The water moccasin bites you.
You scratch the water moccasin.
The water moccasin is severely wounded.
The water moccasin barely misses you.
The gnoll hits you from afar with a +0 spear.
You miss the water moccasin.
The water moccasin is severely wounded.
The water moccasin misses you. The gnoll barely misses you.
The water moccasin bites you.
You are poisoned.
The water moccasin poisons you!
You scratch the water moccasin.
The water moccasin is severely wounded.
You feel very sick. The gnoll closely misses you.
The water moccasin closely misses you.
You barely miss the water moccasin.
The water moccasin is severely wounded.
You feel sick. The water moccasin bites you.
The gnoll hits you from afar with a +0 spear.
You feel very sick.
The water moccasin bites you but does no damage.
You feel sick.
You feel sick. The water moccasin bites you!
* * * LOW HITPOINT WARNING * * *
You are lethally poisoned!
The water moccasin poisons you!
* * * LOW HITPOINT WARNING * * *
You feel very sick.
* * * LOW HITPOINT WARNING * * *
You feel very sick.
There is a stone staircase leading up here.
* * * LOW HITPOINT WARNING * * *
You feel very sick. The water moccasin closely misses you.
The water moccasin bites you.
You die...

####.#
#.#
#g#
#g#
#g#
#.#
#g#
#S#
#@#
###


You could see a water moccasin and 4 gnolls.

Vanquished Creatures
  A jelly (D:2)
  An orc wizard (D:3)
  2 adders
  2 worms (D:2)
  A dart slug (D:1)
  6 orcs (D:3)
  9 bats
  6 endoplasms (D:1)
  3 giant cockroaches
  5 goblins
  7 hobgoblins
  8 jackals
  A quokka (D:1)
  4 ball pythons
  2 frilled lizards
  9 kobolds
  3 rats
70 creatures vanquished.

Vanquished Creatures (others)
  3 plants (D:1)
3 creatures vanquished.

Grand Total: 73 creatures vanquished

Notes
Turn   | Place    | Note
-------+----------+-------------------------------------------
     0 | D:1      | mordus the Troll Monk began the quest for the Orb.
     0 | D:1      | Reached XP level 1. HP: 22/22 MP: 0/0
   106 | D:1      | Reached XP level 2. HP: 29/29 MP: 1/1
   200 | D:1      | Reached skill level 1 in Maces & Flails
   222 | D:1      | Reached XP level 3. HP: 36/36 MP: 2/2
   235 | D:1      | Reached skill level 4 in Unarmed Combat
   971 | D:2      | Reached XP level 4. HP: 37/44 MP: 3/3
  1153 | D:3      | Reached skill level 1 in Throwing
  1320 | D:3      | Reached XP level 5. HP: 50/50 MP: 4/4
  1831 | D:4      | Noticed a water moccasin
  1838 | D:4      | Reached skill level 5 in Unarmed Combat
  1855 | D:4      | HP: 2/50 [poisoned by a water moccasin]
  1855 | D:4      | Slain by a water moccasin

Illustrated notes

Levels and vault maps discovered:
D:1:      dpeg_arrival_rhombi, layout_rooms, serial_park_tiny_1, st_stairs_9,
          serial_bayou_lake_a
D:2:      layout_loops_ring
D:3:      layout_loops_ring
D:4:      layout_basic, minitemple

Skill      XL: |  1  2  3  4  5 |
---------------+----------------+-----
Maces & Flails | 1 2 |  2.0
Unarmed Combat | 4 5 |  5.0
Throwing       | 1 |  1.4
Fighting       | |  2.4
Dodging        | |  2.4
Stealth        | |  1.0

Action                   |  1- 3 |  4- 6 || total
-------------------------+-------+-------++-------
Melee: Unarmed           |   102 |    62 ||   164
       Punch             |     1 |     2 ||     3
 Stab: Sleeping          |     2 |       ||     2
Armor: Robe              |    31 |    23 ||    54
Dodge: Dodged            |    64 |    38 ||   102

Table legend: (Time is in decaauts)
 A = Elapsed time spent in this place.
 B = Non-inter-level travel time spent in this place.
 C = Inter-level travel time spent in this place.
 D = Time resting spent in this place.
 E = Time spent auto-exploring this place.
 F = Levels seen in this place.
 G = Mean time per level.
                   A        B        C        D        E       F      G
               +--------+--------+--------+--------+--------+-----+--------+
         Total |   1887 |   1809 |     78 |      3 |   1416 |   4 |  471.8 |
       Dungeon |   1887 |   1809 |     78 |      3 |   1416 |   4 |  471.8 |
               +--------+--------+--------+--------+--------+-----+--------+

Top non-repeatable levels by time:
     D:3: 691 daAuts
     D:1: 620 daAuts
     D:2: 544 daAuts
     D:4: 30 daAuts
